 Dungeon Crawl Stone Soup version 0.28.0-53-g5a82cb258f (webtiles) character file.

Game seed: 1123539599696661150

543 concernfroge the Magician (level 7, 0/36 HPs)
             Began as a Deep Elf Conjurer on June 18, 2022.
             Succumbed to an adder's poison
             ... on level 4 of the Dungeon.
             The game lasted 00:12:07 (4058 turns).

concernfroge the Magician (Deep Elf Conjurer)       Turns: 4058, Time: 00:12:08

Health: 0/36       AC:  3    Str:  4    XL:     7   Next: 6%
Magic:  13/19      EV: 12    Int: 25    God:
Gold:   78         SH:  0    Dex: 13    Spells: 9/19 levels left

rFire   . . .      SeeInvis .   (no weapon)
rCold   . . .      Faith    .   (no shield)
rNeg    + . .      Spirit   .   a - +0 robe
rPois   .          Reflect  .   (no helmet)
rElec   .          Harm     .   (no cloak)
rCorr   .          Rampage  .   g - +0 pair of gloves
Will    +....                   (no boots)
Stlth   ++........              e - amulet of regeneration
HPRegen 0.92/turn               f - ring of positive energy
MPRegen 0.16/turn               h - ring of willpower

@: lethally poisoned (0 -> -8), slowed, very slow
A: no striking features
a: no special abilities


You were on level 4 of the Dungeon.
You visited 1 branch of the dungeon, and saw 4 of its levels.
You also visited: Sewer.

You collected 78 gold pieces.

Inventory:

Armour
 a - a +0 robe (worn)
 g - a +0 pair of gloves (worn)
Jewellery
 e - an amulet of regeneration (around neck)
 f - a ring of positive energy (left hand)
 h - a ring of willpower (right hand)
Scrolls
 c - a scroll of blinking
 d - 2 scrolls of fear {unknown}
 j - a scroll of magic mapping {unknown}
 k - a scroll of torment {unknown}
 l - a scroll of noise {unknown}
 m - a scroll of enchant armour {unknown}


   Skills:
 - Level 2.5 Dodging
 - Level 2.5 Stealth
 + Level 6.6 Spellcasting
 + Level 6.6 Conjurations
 + Level 4.6 Hexes


You had 9 spell levels left.
You knew the following spells:

 Your Spells              Type           Power      Damage    Failure   Level
a - Magic Dart            Conj           100%       1d8       1%          1
b - Searing Ray           Conj           82%        2d7       1%          2
c - Dazzling Flash        Conj/Hex       72%        N/A       1%          3
d - Fulminant Prism       Conj/Hex       18%        3d11      7%          4

Your spell library contained the following spells:

 Spells                   Type           Power      Damage    Failure   Level
 Iskenderun's Battlesphe  Conj           41%        2d9       12%         5
 Iskenderun's Mystic Bla  Conj/Tloc      25%        2d7       17%         4
 Fireball                 Conj/Fire      12%        3d7       43%         5
 Irradiate                Conj/Tmut      12%        3d18      43%         5
 Animate Dead             Necr           4%         N/A       56%         4
 Blade Hands              Tmut           4%         N/A       89%         5
 Borgnjor's Vile Clutch   Necr/Erth      4%         N/A       89%         5
 Conjure Ball Lightning   Conj/Air       12%        3x3d6     95%         6
 Orb of Destruction       Conj           20%        9d8       98%         7
 Death Channel            Necr           4%         N/A       100%        6
 Dragon Form              Tmut           4%         N/A       100%        7


Dungeon Overview and Level Annotations

Branches:
Dungeon (4/15)              Sewer (visited)
 Temple: D:4-7

Altars:
Kikubaaqudgha
Ru

Annotations:
D:3 2 runed translucent doors, Kranky's ghost, amateur GnWn


Message History

The kobold brigand throws a curare-tipped dart.
The curare-tipped dart hits you.
You are poisoned.
You have difficulty breathing.
You feel as though you will be slow longer.
An adder comes into view.
You feel much better.
You feel very sick.
The kobold brigand throws a curare-tipped dart.
The curare-tipped dart closely misses you.
You feel sick.
The kobold brigand throws a curare-tipped dart.
The curare-tipped dart hits you.
You are more poisoned.
You have difficulty breathing.
You feel as though you will be slow longer.
There is a gate leading back out of this place here.
You feel very sick. The adder misses you.
The kobold brigand throws a curare-tipped dart.
The curare-tipped dart hits you.
You are more poisoned.
You have difficulty breathing.
You feel as though you will be slow longer.
The adder bites you.
You are more poisoned.
The adder poisons you!
Welcome back to the Dungeon!
* * * LOW HITPOINT WARNING * * *
You feel extremely sick.
The giant cockroach bites you but does no damage.
The giant cockroach splashes around in the water.
The giant cockroach closely misses you.
There is a collapsed entrance here.
You aren't carrying any potions.
Blink to where?
Press: ? - help, Dir - move target
As you read the scroll labelled XEAF RORACW, it crumbles to dust.
It was a scroll of blinking.
You die...

# .# ####.#
#.###########....#
#..≈≈≈≈≈≈≈≈≈.....#
#..≈≈≈≈§B≈≈≈..##
##.≈≈≈≈≈≈≈≈≈.#@#
#############.#
..# ####


You could see a giant cockroach.

Vanquished Creatures
  2 necrophages
  A scorpion (D:4)
  3 vampire bats (D:3)
  An orc wizard (D:4)
  6 adders
  3 gnolls (D:4)
  An ufetubus (D:4)
  A worm (D:2)
  6 orcs (D:3)
  3 bat skeletons (D:3)
  A bat zombie (D:3)
  6 endoplasms
  2 giant cockroaches
  7 goblins
  7 hobgoblins
  3 jackals (D:2)
  4 quokkas
  5 ball pythons
  3 bats (D:3)
  4 frilled lizards
  6 kobolds
  7 rats
82 creatures vanquished.

Vanquished Creatures (others)
  3 fulminant prisms
3 creatures vanquished.

Grand Total: 85 creatures vanquished

Notes
Turn   | Place    | Note
-------+----------+-------------------------------------------
     0 | D:1      | concernfroge the Deep Elf Conjurer began the quest for the
                  | Orb.
     0 | D:1      | Reached XP level 1. HP: 10/10 MP: 6/6
   223 | D:1      | Reached XP level 2. HP: 15/15 MP: 2/8
   226 | D:1      | Learned a level 2 spell: Searing Ray
  1361 | D:2      | Found a faded altar of an unknown god.
  1364 | D:2      | Reached XP level 3. HP: 19/19 MP: 7/10
  1404 | D:2      | Reached skill level 5 in Conjurations
  1475 | D:2      | Found a sacrificial altar of Ru.
  2149 | D:3      | Learned a level 3 spell: Dazzling Flash
  2168 | D:3      | Reached XP level 4. HP: 24/24 MP: 8/12
  2478 | D:3      | Reached skill level 1 in Hexes
  2630 | D:3      | Learned a level 4 spell: Fulminant Prism
  2729 | D:3      | Found a large runed translucent door.
  2729 | D:3      | Found a large runed translucent door.
  2730 | D:3      | Noticed Kranky's ghost (amateur GnWn)
  3019 | D:3      | Reached skill level 5 in Spellcasting
  3141 | D:3      | Found an ancient bone altar of Kikubaaqudgha.
  3146 | D:3      | Reached XP level 5. HP: 26/28 MP: 7/14
  3499 | D:4      | Noticed a necrophage
  3505 | D:4      | Killed a necrophage
  3506 | D:4      | Reached XP level 6. HP: 32/32 MP: 9/17
  3943 | D:4      | Found a glowing drain.
  3954 | D:4      | Reached XP level 7. HP: 36/36 MP: 7/18
  3962 | Sewer    | Entered a sewer
  4058 | D:4      | Succumbed to an adder's poison

Illustrated notes

Levels and vault maps discovered:
D:1:      shiori_shiawase, layout_basic
D:2:      layout_basic, hellmonk_ecumenical_altar_dog_temple, basic_altar
D:3:      layout_basic, kennysheep_vampire_church, ebering_ghost_disaster_area,
          minmay_statues_item
D:4:      layout_basic, minmay_temple_entry_drinking_statues,
          portal_sewer_entry_f, nrook_mini_vaults,
          chequers_serial_rivers_large_b, uniq_crazy_yiuf_cottage

Skill      XL: |  1  2  3  4  5  6 |
---------------+-------------------+-----
Spellcasting   | 4 5 6 |  6.6
Conjurations   | 5 6 |  6.6
Hexes          | 2 3 4 |  4.6
Dodging        | |  2.5
Stealth        | |  2.5

Action                   |  1- 3 |  4- 6 |  7- 9 || total
-------------------------+-------+-------+-------++-------
Melee: Unarmed           |       |       |     1 ||     1
 Cast: Magic Dart        |    47 |    73 |     8 ||   128
       Searing Ray       |    11 |    16 |       ||    27
       Fulminant Prism   |       |     2 |     1 ||     3
  Use: Scroll            |     2 |       |     1 ||     3
       Potion            |     1 |       |     2 ||     3
Armor: Robe              |       |     7 |     1 ||     8
Dodge: Dodged            |     1 |    16 |     8 ||    25
